 Dungeon Crawl Stone Soup version 0.30-a0-824-g6c64550be9 (webtiles) character file.

Game seed: 2149824103081626066

233 bmack86 the Chopper (level 5, 0/47 HPs)
             Began as a Minotaur Fighter on Feb 28, 2023.
             Succumbed to an orc wizard's poison
             ... on level 4 of the Dungeon.
             The game lasted 00:09:01 (2230 turns).

bmack86 the Chopper (Minotaur Fighter)              Turns: 2230, Time: 00:09:02

Health: 0/47       AC:  7    Str: 22    XL:     5   Next: 74%
Magic:  4/4        EV:  9    Int:  5    God:
Gold:   191        SH:  6    Dex: 16    Spells: 4/4 levels left

rFire   . . .      SeeInvis .    a - +0 war axe
rCold   . . .      Faith    .    c - +1 buckler
rNeg    . . .      Spirit   .    b - +0 scale mail
rPois   +          Reflect  .    (helmet restricted)
rElec   .          Harm     .    (no cloak)
rCorr   .          Rampage  .    (no gloves)
Will    .....                    (no boots) Stlth
                                 (no amulet)
HPRegen 0.27/turn                q - +6 ring of dexterity
MPRegen 0.09/turn                r - ring of poison resistance

@: lethally poisoned (0 -> -19)
A: horns 2, retaliatory headbutt
a: no special abilities


You were on level 4 of the Dungeon.
You visited 1 branch of the dungeon, and saw 4 of its levels.

You collected 191 gold pieces.

Inventory:

Hand Weapons
 a - a +0 war axe (weapon)
Missiles
 n - 3 silver javelins (quivered)
Armour
 b - a +0 scale mail (worn)
 c - a +1 buckler (worn)
Jewellery
 q - a +6 ring of dexterity (left hand)
 r - a ring of poison resistance (right hand)
Wands
 l - a wand of flame (23)
Scrolls
 e - a scroll of blinking {unknown}
Potions
 d - a potion of might
 f - a potion of curing
 i - 3 potions of heal wounds
 j - 2 potions of lignification
 o - a potion of haste
 t - a potion of cancellation


   Skills:
 + Level 4.6 Fighting
 * Level 4.7 Axes
 + Level 4.7 Armour
 + Level 4.6 Shields
 + Level 1.3 Evocations


You had 4 spell levels left.
You didn't know any spells.
Your spell library was empty.

Dungeon Overview and Level Annotations

Branches:
Dungeon (4/15)
 Temple: D:4-7

Altars:
Fedhas
Qazlal


Innate Abilities, Weirdness & Mutations

You have a pair of horns on your head.
You reflexively headbutt those who attack you in melee.


Message History

The orc wizard mumbles some strange words.
The orc wizard flickers and vanishes!
Deactivating autopickup; reactivate with Ctrl-A.
You closely miss something. Your headbutt misses something.
You hear some strange, mumbled words.
You are confused.
You completely miss something. Something hits you. Something hits you.
You closely miss something. Something hits you. x2
You feel less confused.
You closely miss something. Your headbutt misses something.
You hear some strange, mumbled words.
Something tries to affect you, but you resist.
You closely miss something. Something hits you.
You closely miss something. Your headbutt misses something.
Something hits you but does no damage. x2
You are poisoned.
You barely miss something.
You feel very sick. Something hits you.
You are more poisoned.
You closely miss something.
You feel very sick. Something hits you but does no damage.
You are more poisoned.
You miss something. Your headbutt misses something.
You feel very sick. Something hits you but does no damage.
You are lethally poisoned!
You miss something. Your headbutt misses something.
* * * LOW HITPOINT WARNING * * *
You feel extremely sick.
You hear some strange, mumbled words.
A puff of flame appears from out of thin air!
The puff of flame hits you.
* * * LOW HITPOINT WARNING * * *
Something hits you.
* * * LOW HITPOINT WARNING * * *
You hit something.
You die...

#......#
##.#.#..#
##.......#
...#.#..#
#.....# #...# #
#.)# #
#.####..#######
#
#.......{@....#
#
######.....)..#
# #.######.# #
#. #.# # .. #.#
# ### #.#
########.#
...b.b...#
.#######.#


There were no monsters in sight!

Vanquished Creatures
  A phantom (D:4)
  2 hounds (D:4)
  Terence (D:2)
  An adder (D:2)
  3 worms
  A dart slug (D:3)
  3 orcs (D:4)
  A ball python (D:1)
  7 bats
  3 endoplasms
  2 giant cockroaches
  6 goblins
  3 hobgoblins
  4 quokkas
  5 frilled lizards
  7 kobolds
  6 rats
56 creatures vanquished.

Notes
Turn   | Place    | Note
-------+----------+-------------------------------------------
     0 | D:1      | bmack86 the Minotaur Fighter began the quest for the Orb.
     0 | D:1      | Reached XP level 1. HP: 19/19 MP: 0/0
   207 | D:1      | Reached XP level 2. HP: 27/27 MP: 1/1
   572 | D:2      | Reached XP level 3. HP: 27/33 MP: 2/2
   910 | D:2      | Noticed Terence
   921 | D:2      | Killed Terence
   922 | D:2      | Reached XP level 4. HP: 11/40 MP: 3/3
  1386 | D:3      | Found a blossoming altar of Fedhas.
  1485 | D:3      | Found a stormy altar of Qazlal.
  1869 | D:4      | Noticed a phantom
  1886 | D:4      | Killed a phantom
  1887 | D:4      | Reached skill level 1 in Evocations
  1887 | D:4      | Reached XP level 5. HP: 29/47 MP: 4/4
  2230 | D:4      | Succumbed to an orc wizard's poison

Illustrated notes

Levels and vault maps discovered:
D:1:      dpeg_arrival_connections, layout_basic
D:2:      layout_rooms, corner_web_ring, kennysheep_generic_room_2, uniq_terence
D:3:      layout_basic, grunt_temple_overflow_forces_of_nature
D:4:      layout_loops_ring, mainiacjoe_overflow_tiny_flanked, serial_glass,
          glass_columns_a, glass_columns_b

Skill      XL: |  1  2  3  4 |
---------------+-------------+-----
Axes           | 3 4 |  4.7
Fighting       | 4 |  4.6
Armour         | 4 |  4.7
Shields        | 4 |  4.6
Evocations     | 1 |  1.3

Action                     |  1- 3 |  4- 6 || total
---------------------------+-------+-------++-------
  Melee: War axe           |    61 |    91 ||   152
         Headbutt          |     4 |    10 ||    14
  Throw: Javelin           |     3 |       ||     3
    Use: Scroll            |       |    13 ||    13
 Armour: Scale mail        |    51 |    36 ||    87
  Dodge: Dodged            |    45 |    33 ||    78
  Block: Buckler           |    17 |    20 ||    37

Table legend: (Time is in decaauts)
 A = Elapsed time spent in this place.
 B = Non-inter-level travel time spent in this place.
 C = Inter-level travel time spent in this place.
 D = Time resting spent in this place.
 E = Time spent auto-exploring this place.
 F = Levels seen in this place.
 G = Mean time per level.
                   A        B        C        D        E       F      G
               +--------+--------+--------+--------+--------+-----+--------+
         Total |   2284 |   2205 |     79 |      0 |   1321 |   4 |  571.0 |
       Dungeon |   2284 |   2205 |     79 |      0 |   1321 |   4 |  571.0 |
               +--------+--------+--------+--------+--------+-----+--------+

Top non-repeatable levels by time:
     D:2: 780 daAuts
     D:1: 578 daAuts
     D:3: 475 daAuts
     D:4: 451 daAuts
